 Dungeon Crawl Stone Soup version 0.19.1 (webtiles) character file.

53 dajomu the Skirmisher (level 3, -9/33 HPs)
             Began as a Minotaur Fighter on Dec 22, 2016.
             Mangled by Robin
             ... wielding a +5 whip of electrocution
              (18 damage)
             ... on level 2 of the Dungeon.
             The game lasted 00:08:21 (1686 turns).

dajomu the Skirmisher (Minotaur Fighter)            Turns: 1686, Time: 00:08:27

Health: -9/33      AC:  7    Str: 20    XL:     3   Next: 64%
Magic:  2/2        EV:  7    Int:  5    God:
Gold:   70         SH:  9    Dex: 10    Spells: 0 memorised, 2 levels left

rFire  . . .     SeeInvis .     a - +0 long sword
rCold  . . .     Gourm    .     b - +0 scale mail
rNeg   . . .     Faith    .     c - +0 shield
rPois  .         Spirit   .     (helmet restricted)
rElec  .         Reflect  .     (no cloak)
rCorr  .         Harm     .     (no gloves)
MR     .....                    (no boots)
Stlth  ..........               (no amulet)
                                (no ring)
                                (no ring)

@: no status effects
A: retaliatory headbutt, horns 2
a: no special abilities


You were on level 2 of the Dungeon.
You were hungry.

You visited 1 branch of the dungeon, and saw 2 of its levels.

You collected 70 gold pieces.

Inventory:

Hand Weapons
 a - a +0 long sword (weapon)
Missiles
 h - 2 needles of paralysis
Armour
 b - a +0 scale mail (worn)
 c - a +0 shield (worn)
Scrolls
 e - a scroll of random uselessness {unknown}
 j - 2 scrolls of identify {unknown}
 m - a scroll of recharging {unknown}
Potions
 d - a potion of might
 i - 2 potions of curing {unknown}
 k - a potion of berserk rage {unknown}
 l - a potion of heal wounds {unknown}
 o - a potion of degeneration {unknown}
Comestibles
 f - 2 bread rations
 g - a royal jelly


   Skills:
 + Level 4.2 Fighting
 + Level 3.0 Long Blades
 + Level 4.2 Armour
 + Level 0.2 Dodging
 + Level 0.1 Stealth
 + Level 4.1 Shields


You had 2 spell levels left.
You didn't know any spells.

Dungeon Overview and Level Annotations

Branches:
Dungeon (2/15)

Altars:
Okawaru
The Shining One

Annotations:
D:2 Robin


Innate Abilities, Weirdness & Mutations

You reflexively headbutt those who attack you in melee.
You have a pair of horns on your head.


Message History

Robin roars a battlecry!
The goblins go into a battle-frenzy!
You hit the goblin.
You kill the goblin!
You block the goblin's attack.
The goblin shoots a sling bullet.
The sling bullet barely misses you. You block the goblin's attack.
The goblin closely misses you. You furiously retaliate!
You headbutt the goblin.
You kill the goblin!
Your shield and scale mail prevent you from hitting the hobgoblin.
You block the goblin's attack.
The goblin shoots a sling bullet.
You block the sling bullet. The goblin hits you but does no damage.
The hobgoblin hits you with a club.
You hit Robin. You headbutt Robin, but do no damage.
Robin is lightly wounded.
Robin hits you with a whip of electrocution.
* * * LOW HITPOINT WARNING * * *
You are electrocuted!
Ouch! That really hurt!
You die...

### ############
≈≈# ...gg..'...#
≈≈# ....g.)'...#
≈≈#### ...g..?#...#
≈≈...##########...#
≈≈...#.(........(.#
≈≈...#(†........g.#
≈≈..##(##.....##g##
≈≈..#.(.#)....#)@g#
≈≈..#...#()...#.g.#
≈≈..#...#.....#(..#
≈≈..##)##.....##+##
≈≈......#.....#
≈≈≈.....#.....# .
#≈≈≈≈≈≈≈#.....# ≈≈
##≈≈≈≈≈≈##'''##≈≈≈
#####.≈≈≈≈...≈≈≈≈#


You could see Robin, a hobgoblin and 2 goblins.

Vanquished Creatures
  3 dart slugs
  3 giant cockroaches
  14 goblins
  4 hobgoblins (D:2)
  5 jackals (D:2)
  2 kobolds (D:1)
  A ball python (D:1)
  3 bats
  3 frilled lizards
  A rat (D:1)
39 creatures vanquished.

Notes
Turn   | Place    | Note
-------+----------+-------------------------------------------
     0 | D:1      | dajomu the Minotaur Fighter began the quest for the Orb.
     0 | D:1      | Reached XP level 1. HP: 19/19 MP: 0/0
     6 | D:1      | Noticed a wyvern
     6 | D:1      | Noticed a hound
     6 | D:1      | Noticed a redback
     7 | D:1      | Noticed an anaconda
     7 | D:1      | Noticed a polar bear
   222 | D:1      | Reached XP level 2. HP: 27/27 MP: 1/1
  1351 | D:2      | Found a faded altar of an unknown god.
  1412 | D:2      | Found a glowing golden altar of the Shining One.
  1419 | D:2      | Reached XP level 3. HP: 22/33 MP: 2/2
  1432 | D:2      | Found an iron altar of Okawaru.
  1664 | D:2      | Noticed Robin
  1686 | D:2      | Mangled by Robin

Skill      XL: |  1  2  3 |
---------------+----------+-----
Fighting       | 4 |  4.2
Armour         | 4 |  4.2
Shields        | 4 |  4.1
Long Blades    | 3 |  3.0
Dodging        | |  0.2
Stealth        | |  0.1

Action                   || total
-------------------------++-------
Melee: Long sword        ||    80
       Headbutt          ||    14
  Eat: Beef jerky        ||     1
Armor: Scale mail        ||    62
Dodge: Dodged            ||    40
Block: Shield            ||    76
       Rpst.: Long sword ||     9
